 Dungeon Crawl Stone Soup version 0.17-a0-1069-g92ad481 (webtiles) character file.

136820 VikTorMgn the Bludgeoner (level 17, 0/106 HPs)
             Began as a Gargoyle Fighter on May 17, 2015.
             Was the Champion of Qazlal.
             Slain by a wolf spider (6 damage)
             ... while paralysed by something
             ... on level 2 of the Spider Nest.
             The game lasted 01:33:31 (27210 turns).

VikTorMgn the Bludgeoner (Gargoyle Fighter)        Turns: 27210, Time: 01:33:31

Health: 0/106      AC: 38    Str: 24      XL:     17   Next: 22%
Magic:  23/23      EV:  2    Int:  9 (10) God:    Qazlal [******]
Gold:   2462       SH:  0    Dex: 14      Spells: 0 memorised, 16 levels left

rFire  . . .     SeeInvis .     b - +2 flail
rCold  + . .     Clarity  .     z - +3 scale mail of Xilliben {Str+3 Slay+3}
rNeg   + + +     SustAb   .     c - +1 shield
rPois  ∞         Gourm    .     d - +2 helmet
rElec  +         Spirit   .     t - +0 cloak
rCorr  +         Warding  .     L - +2 pair of gloves
rMut   .         Stasis   .     l - +1 pair of boots "Poxed" {rC+ rN++ rCorr}
MR     +....                    I - amulet of regeneration
Stlth  +.........               P - ring of positive energy
                                G - ring of stealth

@: paralysed, protected from physical damage, flying, repel missiles, somewhat
resistant to hostile enchantments, very unstealthy
A: big wings, negative energy resistance 1, electricity resistance, unbreathing,
petrification resistance, rot immunity, AC +12
a: Stop Flying, Upheaval, Elemental Force, Disaster Area, Renounce Religion


You were on level 2 of the Spider Nest.
You worshipped Qazlal.
Qazlal was exalted by your worship.
You were not hungry.

You visited 5 branches of the dungeon, and saw 29 of its levels.
You also visited: Labyrinth and Volcano.

You collected 3026 gold pieces.
You spent 564 gold pieces at shops.

Inventory:

Hand weapons
 b - a +2 flail (weapon)
 e - a +1 mace of holy wrath
Armour
 c - a +1 shield (worn)
 d - a +2 helmet (worn)
 l - the +1 pair of boots "Poxed" (worn) {rC+ rN++ rCorr}
   (You found it in a labyrinth)

   It protects you from cold.
   It greatly protects you from negative energy.
   It protects you from acid and corrosion.
 t - a +0 cloak (worn)
 z - the +3 scale mail of Xilliben (worn) {Str+3 Slay+3}
   (You took it off a minotaur in a labyrinth)

   It affects your strength (+3).
   It affects your accuracy and damage with ranged weapons and melee attacks
   (+3).
 L - a +2 pair of gloves (worn)
Jewellery
 f - a cursed -4 ring of intelligence
 r - an uncursed ring of ice
 C - an uncursed amulet of warding
 G - a ring of stealth (left hand)
 I - an amulet of regeneration (around neck)
 N - an uncursed ring of protection from cold
 P - a ring of positive energy (right hand)
Magical devices
 M - a wand of confusion (23)
 R - a wand of lightning (5)
 T - a wand of slowing (30)
Scrolls
 h - 7 scrolls of teleportation
 k - 5 scrolls of identify
 m - 4 scrolls of fog
 n - 15 scrolls of remove curse
 q - a scroll of brand weapon
 y - 2 scrolls of recharging
 F - 2 scrolls of enchant armour
 O - 2 scrolls of summoning
 S - 7 scrolls of blinking
 Y - 2 scrolls of fear
Potions
 a - 4 potions of brilliance
 g - a potion of magic
 i - 3 potions of heal wounds
 o - 2 potions of cancellation
 p - 3 potions of lignification
 w - a potion of haste
 x - a potion of invisibility
 A - 13 potions of curing
 J - 2 potions of cure mutation
Books
 s - a book of Party Tricks

   Spells                             Type                      Level
   a - Summon Butterflies             Summoning                    1
   b - Apportation                    Translocation                1
   c - Tukima's Dance                 Hexes                        3
   d - Alistair's Intoxication        Transmutation/Poison         4
   e - Invisibility                   Hexes                        6
 v - a book of Summonings

   Spells                             Type                      Level
   a - Recall                         Summoning/Translocation      3
   b - Aura of Abjuration             Summoning                    5
   c - Shadow Creatures               Summoning                    5
   d - Summon Demon                   Summoning                    5
   e - Summon Forest                  Summoning/Translocation      5
   f - Summon Mana Viper              Hexes/Summoning              5
 E - an Akashic Record {highlevel, unknown}

   This book is beyond your current level of understanding.

   Spells                             Type                      Level
   a - Dispersal                      Translocation                6
   b - Controlled Blink               Translocation                7
   c - Malign Gateway                 Summoning/Translocation      7
   d - Disjunction                    Translocation                8
   e - Singularity                    Translocation                9
 H - an Akashic Record {highlevel, unknown}

   This book is beyond your current level of understanding.

   Spells                             Type                      Level
   a - Dispersal                      Translocation                6
   b - Controlled Blink               Translocation                7
   c - Malign Gateway                 Summoning/Translocation      7
   d - Disjunction                    Translocation                8
   e - Singularity                    Translocation                9
Comestibles
 j - 10 royal jellies
 u - 22 fruits
 B - 10 bread rations
 D - 14 meat rations
 K - a beef jerky


   Skills:
 * Level 12.0 Fighting
 * Level 18.7 Maces & Flails
 * Level 10.9 Armour
 - Level 0.2 Dodging
 * Level 17.8 Shields
 * Level 8.9 Invocations


You had 16 spell levels left.
You didn't know any spells.

Dungeon Overview and Level Annotations

Branches:
Dungeon (14/15)            Temple (1/1) D:6            Lair (8/8) D:9
  Swamp (0/4) Lair:5       Spider (2/4) Lair:5        Slime (0/6) Lair:6
    Orc (4/4) D:12            Elf (0/3) Orc:4        Vaults (0/5) D:14

Altars:
Ashenzari
Cheibriados
Dithmenos
Elyvilon
Fedhas
Gozag
Kikubaaqudgha
Makhleb
Nemelex Xobeh
Okawaru
Qazlal
Ru
Sif Muna
Trog
Vehumet
Xom
Yredelemnul
Zin
The Shining One

Shops:
D:6 *   D:9 [[(   D:10 !   Orc:4 :=}!

Annotations:
Spider:2 Norris


Innate Abilities, Weirdness & Mutations

You are resistant to torment.
Your stone body is resilient (AC +12).
You are immune to poison.
Your large and strong wings let you fly indefinitely.
You resist negative energy.
You are resistant to electric shocks.
You can survive without breathing.
You are immune to petrification.
You are immune to rotting.


Message History

The wolf spider bites you but does no damage.
You block the wolf spider's attack.
The wolf spider bites you but does no damage.
You hear something call down the wrath of a god upon you.
Something smites you!
* * * LOW HITPOINT WARNING * * *
There is a stone staircase leading down here.
The orb spider weaves a glowing orb of energy.
You block the wolf spider's attack. x2
The orb spider pulsates with a strange energy.
You suddenly lose the ability to move!
The orb of destruction hits you!
* * * LOW HITPOINT WARNING * * *
You hear something invoke the aid of a god against you.
Something tries to feed on your intellect!
The wolf spider hits you but does no damage.
The wolf spider barely misses you. The wolf spider hits you!
* * * LOW HITPOINT WARNING * * *
The wolf spider bites you but does no damage.
The wolf spider hits you.
You die...

###### #....##### ###
##.§......#
#.###..<§†....##
#####.^#§§@##......#
...#.#.......s#...#.....
..........s§.##..........
.#...#...#..>............
........§##...^.#.##....#
.?.....§§...#...### ##.##
#..........###### #
#####.......# #...#....#


You could see a wolf spider and an orb spider.

Vanquished Creatures
  Nikola (Spider:1)
  Rupert (Orc:3)
  Maud (Lair:4)
  An emperor scorpion (Spider:1)
  A stone giant (Orc:4)
  Nessos (Orc:3)
  The ghost of ALZ the Fighter, a powerful GrFi of Okawaru (D:13)
  Snorg (Lair:5)
  4 vault guards (D:14)
  Erolcha (Orc:3)
  Josephine (Orc:4)
  A minotaur (Lab)
  7 hydras
  Fannar (Orc:2)
  4 centaur warriors
  The ghost of Gorice the Carver, an experienced DDWn of Makhleb (D:10)
  A queen ant (Lair:8)
  23 death yaks
  An orc high priest (Orc:4)
  Urug (Lair:4)
  The ghost of 2Evolution the Grappler, an experienced TrWz of Cheibriados (D:8)
  4 hill giants
  8 skeletal warriors (D:14)
  A lindwurm (Volcano)
  A lindwurm (shapeshifter) (D:14)
  An orc knight (Orc:4)
  A statue (Volcano)
  8 wolf spiders
  6 griffons
  7 orc sorcerers
  8 orb spiders
  2 manticores
  2 cyclopes
  Maurice (D:12)
  A sixfirhy (Orc:4)
  12 elephants
  A gargoyle (D:12)
  15 spiny frogs
  3 kobold demonologists
  3 torpor snails
  3 black mambas
  4 fire drakes
  10 komodo dragons
  2 spriggan druids (Lair:8)
  4 trolls
  9 jumping spiders
  5 demonic crawlers (Spider:1)
  A queen bee (D:10)
  5 wandering mushrooms (Lair:8)
  7 polar bears
  A two-headed ogre (D:4)
  26 blink frogs
  A boulder beetle (Lair:6)
  A trapdoor spider zombie (D:12)
  4 tarantellas (Spider:1)
  11 spriggans (Lair:8)
  A trapdoor spider (D:11)
  10 redbacks
  10 wraiths
  A wyvern (D:9)
  21 orc warriors
  56 yaks
  3 deep elf magi
  A vampire (D:13)
  3 fire bats
  4 mottled dragons
  12 hippogriffs
  10 vampire mosquitoes
  20 soldier ants (Lair:8)
  A harpy simulacrum (D:13)
  27 wolves
  A swamp worm (Lair:5)
  3 hungry ghosts
  An insubstantial wisp (Lair:1)
  3 wargs
  15 water moccasins
  An eye of draining (D:11)
  4 wasps
  5 spiders
  2 phantoms
  6 sky beasts
  8 black bears
  A hell hound (Volcano)
  7 centaurs
  15 porcupines
  4 ice beasts
  2 swamp drakes (Lair:1)
  6 ogres
  2 necrophages (D:9)
  6 big kobolds
  13 crocodiles
  2 brain worms
  21 giant frogs
  A wyvern zombie (D:8)
  3 wyvern skeletons
  16 jellies
  3 scorpions
  24 killer bees
  15 wights
  10 crimson imps
  5 hounds
  5 centaur zombies
  2 lava snakes (Volcano)
  24 orc priests
  5 centaur skeletons
  11 iguanas
  28 worker ants
  A gnoll shaman (D:8)
  9 hell rats
  24 sheep
  33 orc wizards
  A hound skeleton (D:9)
  A worker ant zombie (D:11)
  11 gnolls
  55 river rats
  16 adders
  A shadow imp (D:9)
  An ooze (Lair:6)
  2 worms
  5 giant geckos
  148 orcs
  14 bats
  A bat skeleton (D:5)
  5 giant cockroaches
  16 hobgoblins
  5 quokkas
  A giant gecko skeleton (D:4)
  6 giant newts
  21 goblins
  7 jackals
  A jackal zombie (D:5)
  22 kobolds
  19 rats
  2 bushes
  105 fungi
  37 plants
1264 creatures vanquished.

Vanquished Creatures (collateral kills)
  A griffon (Lair:8)
  A crocodile (Lair:8)
  An adder (D:4)
  2 river rats (Lair:4)
  A bat (D:9)
  2 jackals (D:4)
  A kobold (D:4)
  A rat (D:8)
10 creatures vanquished.

Vanquished Creatures (others)
  A black mamba (Lair:6)
  A giant frog (D:8)
  An orc wizard (D:9)
  An orc (Orc:1)
  20 fungi
  3 plants
27 creatures vanquished.

Grand Total: 1301 creatures vanquished

Notes
Turn   | Place    | Note
--------------------------------------------------------------
     0 | D:1      | VikTorMgn the Gargoyle Fighter began the quest for the Orb.
     0 | D:1      | Reached XP level 1. HP: 14/14 MP: 1/1
   284 | D:1      | Reached XP level 2. HP: 19/19 MP: 2/2
  1082 | D:2      | Reached XP level 3. HP: 15/23 MP: 3/3
  1225 | D:2      | Reached skill level 4 in Shields
  1412 | D:1      | Reached XP level 4. HP: 10/29 MP: 4/4
  2801 | D:2      | Reached XP level 5. HP: 28/33 MP: 5/5
  4031 | D:4      | Noticed an ogre
  4106 | D:3      | Noticed a spider
  4106 | D:3      | an ogre changed into a spider
  4116 | D:3      | Killed a spider
  4116 | D:3      | Reached XP level 6. HP: 35/39 MP: 6/6
  4199 | D:4      | Noticed an ogre
  4203 | D:4      | Noticed a two-headed ogre
  4203 | D:4      | an ogre changed into a two-headed ogre
  4334 | D:4      | Killed a two-headed ogre
  4334 | D:4      | Reached skill level 6 in Maces & Flails
  4334 | D:4      | Reached XP level 7. HP: 36/44 MP: 7/7
  4942 | D:5      | Entered Level 5 of the Dungeon
  5094 | D:5      | Found a glowing silver altar of Zin.
  5205 | D:5      | Reached skill level 7 in Maces & Flails
  5594 | D:5      | Reached XP level 8. HP: 36/48 MP: 8/8
  5746 | D:6      | Found an iron altar of Okawaru.
  5778 | D:6      | Reached skill level 8 in Maces & Flails
  5786 | D:6      | Found Tiluahoto's General Store.
  5899 | D:6      | Found a staircase to the Ecumenical Temple.
  5905 | Temple   | Entered the Ecumenical Temple
  5959 | Temple   | Became a worshipper of Qazlal Stormbringer
  6066 | D:6      | Found a white marble altar of Elyvilon.
  6247 | D:6      | Reached skill level 9 in Maces & Flails
  6366 | D:6      | Found an ancient bone altar of Kikubaaqudgha.
  6392 | D:6      | Bought a potion of haste for 100 gold pieces
  6392 | D:6      | Bought a scroll of identify for 20 gold pieces
  6762 | D:7      | Reached skill level 10 in Maces & Flails
  6837 | D:7      | Acquired Qazlal's first power
  6849 | D:7      | Reached XP level 9. HP: 41/52 MP: 9/9
  7110 | D:8      | Found a glowing golden altar of the Shining One.
  7141 | D:8      | Reached skill level 11 in Maces & Flails
  7295 | D:8      | Noticed 2Evolution's ghost (experienced TrWz)
  7381 | D:8      | Killed 2Evolution's ghost
  7381 | D:8      | Reached skill level 12 in Maces & Flails
  7771 | D:8      | Found an opulent altar of Gozag.
  7775 | D:8      | Found a radiant altar of Vehumet.
  7800 | D:8      | Acquired Qazlal's second power
  8014 | D:9      | Reached XP level 10. HP: 41/58 MP: 10/10
  8023 | D:9      | Reached skill level 13 in Maces & Flails
  8114 | D:9      | Found Viliajig's Antique Armour Emporium.
  8347 | D:9      | Found a staircase to the Lair.
  8400 | D:9      | Acquired Qazlal's third power
  8473 | D:9      | Found a bloodstained altar of Trog.
  8675 | D:9      | Reached skill level 14 in Maces & Flails
  8713 | D:9      | Found Seawn's Armour Shop.
  8724 | D:9      | Found Tiebur's Weapon Boutique.
  8837 | D:10     | Entered Level 10 of the Dungeon
  8865 | D:10     | Noticed Gorice's ghost (experienced DDWn)
  8879 | D:10     | Killed Gorice's ghost
  8906 | D:10     | Reached skill level 5 in Fighting
  8933 | D:10     | Reached skill level 5 in Shields
  8933 | D:10     | Reached XP level 11. HP: 61/63 MP: 11/11
  9376 | D:10     | Found Bemaegoi's Distillery.
  9384 | D:10     | Bought a potion of curing for 42 gold pieces
  9384 | D:10     | Bought a potion of degeneration for 14 gold pieces
  9384 | D:10     | Bought a potion of curing for 42 gold pieces
  9384 | D:10     | Bought a potion of heal wounds for 70 gold pieces
  9540 | Lair:1   | Entered Level 1 of the Lair of Beasts
  9622 | Lair:1   | Reached skill level 15 in Maces & Flails
  9628 | Lair:1   | Reached skill level 5 in Armour
  9678 | Lair:1   | Found a dark tunnel.
  9683 | Volcano  | Entered a volcano
  9781 | Volcano  | Noticed a lindwurm
  9794 | Volcano  | Killed a lindwurm
  9798 | Volcano  | Found a radiant altar of Vehumet.
  9987 | Lair:1   | Reached skill level 1 in Invocations
 10235 | Lair:1   | Acquired Qazlal's fourth power
 10577 | Lair:1   | Reached XP level 12. HP: 71/71 MP: 13/13
 11041 | Lair:2   | Noticed an eight-headed hydra
 11041 | Lair:2   | Found a labyrinth entrance.
 11081 | Lair:2   | Killed an eight-headed hydra
 11196 | Lab      | Entered a labyrinth
 11346 | Lab      | Noticed a minotaur
 11365 | Lab      | Killed a minotaur
 11367 | Lab      | Got an ichor-stained scale mail
 11376 | Lab      | Identified the Guide on Feathery Beguiling
 11385 | Lab      | Got a pair of bloodstained boots
 11401 | Lair:2   | Identified the +1 pair of boots "Poxed" {rC+ rN++ rCorr} (You found it in a labyrinth)
 11411 | Lair:2   | Identified the +3 scale mail of Xilliben {Str+3 Slay+3} (You took it off a minotaur in a labyrinth)
 12166 | Lair:3   | Acquired Qazlal's fifth power
 12189 | Lair:3   | Reached skill level 16 in Maces & Flails
 12978 | Lair:4   | Noticed a five-headed hydra
 13001 | Lair:4   | Killed a five-headed hydra
 13006 | Lair:4   | Noticed Maud
 13011 | Lair:4   | Reached skill level 10 in Shields
 13042 | Lair:4   | Killed Maud
 13042 | Lair:4   | Reached XP level 13. HP: 30/78 MP: 7/16
 13295 | Lair:4   | Noticed Urug
 13331 | Lair:4   | Killed Urug
 13565 | Lair:4   | Found a hole to the Spider Nest.
 13996 | Lair:5   | Noticed Snorg
 14098 | Lair:5   | Killed Snorg
 14334 | Lair:5   | Reached skill level 5 in Invocations
 14480 | Lair:5   | Found a hole to the Spider Nest.
 14566 | Lair:5   | Found a staircase to the Swamp.
 15172 | Lair:6   | HP: 3/80 [death yak (18)]
 15519 | Lair:6   | Gained mutation: Your large and strong wings let you fly indefinitely. [Gargoyle growth]
 15519 | Lair:6   | Reached XP level 14. HP: 56/86 MP: 18/18
 15739 | Lair:6   | Found a staircase to the Slime Pits.
 16633 | Lair:7   | Reached skill level 17 in Maces & Flails
 17219 | Lair:7   | Reached skill level 10 in Fighting
 17319 | Lair:8   | Entered Level 8 of the Lair of Beasts
 17716 | Lair:8   | Reached XP level 15. HP: 79/92 MP: 20/20
 18031 | Lair:8   | Reached skill level 15 in Shields
 19665 | Lair:1   | Identified 2 scrolls of acquirement
 19757 | D:11     | Noticed a hill giant
 19779 | D:11     | Killed a hill giant
 20245 | D:11     | Noticed a hill giant
 20253 | D:11     | Killed a hill giant
 20532 | D:12     | Found a staircase to the Orcish Mines.
 20593 | Orc:1    | Entered Level 1 of the Orcish Mines
 20979 | Orc:2    | Noticed Fannar
 21046 | Orc:2    | Killed Fannar
 21451 | Orc:4    | Entered Level 4 of the Orcish Mines
 21716 | Orc:3    | Noticed Erolcha
 21719 | Orc:3    | Paralysed by Erolcha for 5 turns
 21724 | Orc:3    | Noticed Nessos
 21727 | Orc:3    | Killed Erolcha
 21741 | Orc:3    | Killed Nessos
 21905 | Orc:3    | Noticed Rupert
 21929 | Orc:3    | Killed Rupert
 21929 | Orc:3    | Reached XP level 16. HP: 92/100 MP: 21/21
 22237 | Orc:4    | Reached skill level 18 in Maces & Flails
 22791 | Orc:4    | Noticed Josephine
 22927 | Orc:4    | Killed Josephine
 22928 | Orc:4    | Found a staircase to the Elven Halls.
 22945 | Orc:4    | Reached skill level 10 in Armour
 23005 | Orc:4    | Found Qalofel's Jewellery Emporium.
 23012 | Orc:4    | Found Wojy's Distillery.
 23016 | Orc:4    | Found Ucvaafo's Gadget Shoppe.
 23019 | Orc:4    | Found Juffuh's Book Emporium.
 23025 | Orc:4    | Bought a potion of lignification for 36 gold pieces
 23025 | Orc:4    | Bought a potion of lignification for 36 gold pieces
 23025 | Orc:4    | Bought a potion of curing for 36 gold pieces
 23025 | Orc:4    | Bought a potion of curing for 36 gold pieces
 23025 | Orc:4    | Bought a potion of haste for 120 gold pieces
 23025 | Orc:4    | Bought a potion of poison for 12 gold pieces
 23590 | D:12     | Noticed Maurice
 23600 | D:12     | Killed Maurice
 24423 | D:13     | Noticed ALZ's ghost (powerful GrFi)
 24496 | D:13     | Killed ALZ's ghost
 24642 | D:13     | Found a glowing golden altar of the Shining One.
 25707 | D:14     | Found a gate to the Vaults.
 26366 | Spider:1 | Entered Level 1 of the Spider Nest
 26525 | Spider:1 | Noticed Nikola
 26563 | Spider:1 | Killed Nikola
 26563 | Spider:1 | Reached XP level 17. HP: 102/106 MP: 23/23
 27187 | Spider:2 | Noticed Norris
 27206 | Spider:2 | Paralysed by something for 7 turns
 27209 | Spider:2 | HP: 5/106 [wolf spider (14)]
 27210 | Spider:2 | Slain by a wolf spider

Vault maps used:
D:1:      lightli_arrival_noodles
D:3:      dk_vineyard_3
D:4:      kennysheep_flooded_box, st_stairs_6
D:5:      old_standard_altar, first_bread
D:6:      elyvilon_altar_3, kiku_gazebo_pond_becter, minmay_temple_entry_hall,
          serial_glass, glass_columns_a, glass_columns_c, serial_shops,
          nicolae_shop_statue_plus, dk_noncrumbling_2, okawaru_gym_becter
D:8:      lemuel_round_altar, grunt_temple_overflow_open
D:9:      lemuel_crystal_altar, due_lair_maze_entry_diamond, serial_shops, shop,
          shop, nicolae_shop_window_shopping
D:10:     serial_shops, shop, david_nohive_1
D:12:     orc_0_dummy, uniq_maurice
D:13:     basic_altar
D:14:     lightli_vaults_fourway_checkpoint, minmay_staircase_windowed_small
Temple:   zaba_magenta_temple_12
Lair:1:   nicolae_volcano_entry_s_turn, pond
Lair:2:   lab_entry_generic, bh_autumn_forest_stairs
Lair:3:   kennysheep_rathole
Lair:4:   spider_nest_entry_rubble, st_stairs_8, uniq_urug, uniq_maud
Lair:5:   minmay_swamp_entry_worms, nicolae_spider_entry_orb_guardian,
          serial_bayou_shore_b, lemuel_fruit_fields,
          infiniplex_staircase_pool_2, uniq_snorg
Lair:6:   minmay_slime_entry_jelly_boxes, eino_small_chamber_without_monster
Lair:7:   st_stairs_5, minivault_24, minivault_25
Lair:8:   minmay_lair_end_enchanted_forest, fungi_pond_lemuel, minivault_29,
          grunt_megastairs_2
Spider:1: hangedman_spider_tarantella_strand, uniq_nikola
Spider:2: uniq_norris
Orc:2:    uniq_fannar
Orc:3:    nicolae_orc_pool_cavern, uniq_nessos, uniq_rupert, uniq_erolcha
Orc:4:    st_orc_mages, guppyfry_library_mini, uniq_josephine
Lab:      labyrinth_mini_lab, nicolae_lab_blocks, nicolae_lab_diamond
Volcano:  volcano_grotto

Action                   |  1- 3 |  4- 6 |  7- 9 | 10-12 | 13-15 | 16-18 || total
-------------------------+-------+-------+-------+-------+-------+-------++-------
Melee: Flail             |    86 |   206 |   621 |   752 |   269 |  1271 ||  3205
       Mace              |       |       |       |   244 |  1782 |       ||  2026
Invok: Elemental Force   |       |       |       |     2 |     2 |       ||     4
       Disaster Area     |       |       |       |       |     2 |       ||     2
       Upheaval          |       |       |       |       |     1 |       ||     1
 Abil: Fly               |       |       |       |       |     1 |       ||     1
Evoke: Wand              |       |     9 |     2 |     1 |       |       ||    12
  Use: Scroll            |       |     4 |     9 |     5 |    18 |     3 ||    39
       Potion            |       |     2 |     2 |     8 |     3 |     3 ||    18
 Stab: Fleeing           |       |       |       |       |     1 |       ||     1
  Eat: Chunk             |     2 |     4 |    10 |    12 |    33 |    15 ||    76
       Bread ration      |       |     1 |       |       |       |       ||     1
       Royal jelly       |       |       |     1 |       |       |       ||     1
       Fruit             |       |       |     3 |     8 |     1 |       ||    12
       Pizza             |       |       |       |     1 |     2 |     2 ||     5
       Beef jerky        |       |       |       |       |     1 |     2 ||     3
